 Dungeon Crawl Stone Soup version 0.21.1-1-g345015f (webtiles) character file.

48 inc the Ducker (level 3, 0/29 HPs)
             Began as a Demonspawn Monk on June 9, 2018.
             Slain by an adder (4 damage)
             ... on level 2 of the Dungeon.
             The game lasted 00:02:04 (1683 turns).

inc the Ducker (Demonspawn Monk)                    Turns: 1683, Time: 00:02:05

Health: 0/29       AC:  3    Str: 11    XL:     3   Next: 50%
Magic:  3/3        EV: 14    Int: 12    God:
Gold:   47         SH:  0    Dex: 15    Spells: 2/2 levels left

rFire    . . .     SeeInvis .   a - +0 mace
rCold    . . .     Gourm    .   (no shield)
rNeg     . . .     Faith    .   l - +0 leather armour
rPois    .         Spirit   .   (no helmet)
rElec    .         Reflect  .   (no cloak)
rCorr    .         Harm     .   (no gloves)
MR       .....                  (no boots)
Stlth    +++.......             (no amulet)
HPRegen  0.09/turn              (no ring)
MPRegen  0.08/turn              (no ring)

@: lethally poisoned (0 -> -6)
A: nightstalker 1, sturdy frame 1
a: no special abilities


You were on level 2 of the Dungeon.
You were not hungry.

You visited 1 branch of the dungeon, and saw 3 of its levels.

You collected 47 gold pieces.

Inventory:

Hand Weapons
 a - a +0 mace (weapon)
Armour
 b - a +0 robe
 l - a +0 leather armour (worn)
Jewellery
 g - an uncursed ring of fire {unknown}
 o - an uncursed amulet of harm {unknown}
Wands
 m - a wand of polymorph (20)
Scrolls
 d - a scroll of fog {unknown}
 e - 3 scrolls of teleportation {unknown}
 i - 2 scrolls of remove curse {unknown}
 j - a scroll of noise {unknown}
Potions
 f - 2 potions of curing {unknown}
 h - 2 potions of heal wounds {unknown}
 k - a potion of haste {unknown}
Comestibles
 c - 2 rations
 n - a chunk of flesh


   Skills:
 - Level 3.0 Fighting
 - Level 2.6 Maces & Flails
 + Level 4.1 Dodging
 - Level 1.7 Stealth


You had 2 spell levels left.
You didn't know any spells.

Dungeon Overview and Level Annotations

Branches:
Dungeon (3/15)

Altars:


Innate Abilities, Weirdness & Mutations

You are slightly more attuned to the shadows.
Your movements are slightly less encumbered by armour. (ER -2)


Message History

The quokka closely misses you. The adder closely misses you.
You hit the quokka.
You kill the quokka!
The bat hits you but does no damage. The adder misses you. The adder bites you.
You are poisoned.
The adder poisons you!
You miss the adder.
You feel sick. The adder bites you. The bat barely misses you.
The adder bites you but does no damage.
A bat comes into view.
Unknown command.
You feel sick. The bat completely misses you.
The bat hits you but does no damage. x2
The bat completely misses you. The adder bites you.
You feel sick. The bat completely misses you.
There is a stone staircase leading down here.
You hit the adder but do no damage.
You feel sick. The adder bites you.
* * * LOW HITPOINT WARNING * * *
You are lethally poisoned!
The adder poisons you! The adder bites you.
You die...

########### ...... ..#
...######.########
..............bS@#
##..#####..###.###
$#..#####.†....#######
##.##.....##..........
....#.###.##.........w
..#.#....###..........
.##.#....# #...†......
###...#### #..........
##..# ......######


You could see an adder and a bat.

Vanquished Creatures
  An ooze (D:1)
  3 dart slugs
  6 bats
  A giant cockroach (D:1)
  A goblin (D:1)
  3 hobgoblins (D:1)
  8 jackals
  2 quokkas (D:2)
  A kobold (D:1)
  8 rats
34 creatures vanquished.

Notes
Turn   | Place    | Note
-------+----------+-------------------------------------------
     0 | D:1      | inc the Demonspawn Monk began the quest for the Orb.
     0 | D:1      | Reached XP level 1. HP: 18/18 MP: 1/1
    83 | D:1      | Reached skill level 3 in Dodging
   174 | D:1      | Gained mutation: You are slightly more attuned to the shadows. [demonic ancestry]
   174 | D:1      | Reached XP level 2. HP: 21/24 MP: 2/2
   786 | D:1      | Gained mutation: Your movements are slightly less encumbered by armour. (ER -2) [demonic ancestry]
   786 | D:1      | Reached XP level 3. HP: 29/29 MP: 3/3
  1136 | D:2      | Reached skill level 4 in Dodging
  1683 | D:2      | Slain by an adder

Skill      XL: |  1  2  3 |
---------------+----------+-----
Dodging        | 3 4 |  4.1
Fighting       | |  3.0
Maces & Flails | |  2.6
Stealth        | |  1.7

Action                   || total
-------------------------++-------
Melee: Mace              ||   115
 Stab: Sleeping          ||    13
  Eat: Chunk             ||     3
Armor: Robe              ||    28
       Leather armour    ||     6
Dodge: Dodged            ||   151
